 Dungeon Crawl Stone Soup version 0.21.1-1-g345015fe64 (webtiles) character file.

1631 Loge the Grappler (level 8, -10/83 HPs)
             Began as a Troll Monk on July 18, 2018.
             Killed from afar by an electric eel (12 damage)
             ... with a bolt of electricity
             ... on level 5 of the Dungeon.
             The game lasted 00:08:49 (3949 turns).

Loge the Grappler (Troll Monk)                      Turns: 3949, Time: 00:08:49

Health: -10/83     AC:  5    Str: 20    XL:     8   Next: 65%
Magic:  7/7        EV: 10    Int:  6    God:
Gold:   262        SH:  0    Dex: 14    Spells: 7/7 levels left

rFire    . . .     SeeInvis .     - Unarmed
rCold    . . .     Gourm    +   (no shield)
rNeg     . . .     Faith    .   a - +0 robe
rPois    .         Spirit   .   (helmet restricted)
rElec    .         Reflect  .   (no cloak)
rCorr    .         Harm     .   (gloves unavailable)
MR       .....                  (boots unavailable)
Stlth    ++........             (no amulet)
HPRegen  0.63/turn              (no ring)
MPRegen  0.10/turn              (no ring)

@: no status effects
A: large, unfitting armour, claws 3, fast metabolism 3, gourmand, regeneration
1, shaggy fur 1, tough skin 2
a: no special abilities


You were on level 5 of the Dungeon.
You were completely stuffed.

You visited 1 branch of the dungeon, and saw 5 of its levels.

You collected 262 gold pieces.

Inventory:

Missiles
 f - 15 poisoned needles
 k - 92 stones (quivered)
Armour
 a - a +0 robe (worn)
 o - a +0 pair of gloves
Jewellery
 n - a +3 ring of strength {unknown}
 z - a cursed -3 ring of intelligence {unknown}
 A - a cursed amulet of inaccuracy {unknown}
Wands
 B - a wand of flame (8)
Scrolls
 c - 6 scrolls of blinking {unknown}
 d - 5 scrolls of identify {unknown}
 e - 2 scrolls of enchant weapon {unknown}
 g - 2 scrolls of random uselessness {unknown}
 j - 4 scrolls of fog {unknown}
 p - 3 scrolls of magic mapping {unknown}
 q - 4 scrolls of teleportation {unknown}
 r - a scroll of enchant armour {unknown}
 t - a scroll of immolation {unknown}
 w - a scroll of remove curse {unknown}
 y - a scroll of amnesia {unknown}
Potions
 h - 4 potions of heal wounds {unknown}
 i - a potion of might {unknown}
 l - a potion of ambrosia {unknown}
 m - 3 potions of curing {unknown}
 s - a potion of haste {unknown}
 v - a potion of lignification {unknown}
Books
 x - a book of Geomancy

   Spells                             Type                      Level
   a - Sandblast                      Earth                        1
   b - Passwall                       Transmutation/Earth          2
   c - Stone Arrow                    Conjuration/Earth            3
   d - Petrify                        Transmutation/Earth          4
   e - Lee's Rapid Deconstruction     Earth                        5
Comestibles
 b - 12 rations


   Skills:
 + Level 5.8 Fighting
 - Level 2.4 Dodging
 - Level 1.0 Stealth
 * Level 9.5 Unarmed Combat


You had 7 spell levels left.
You didn't know any spells.

Dungeon Overview and Level Annotations

Branches:
Dungeon (5/15)
 Temple: D:4-7

Altars:
Trog
The Shining One

Shops:
D:5 %(

Annotations:
D:5 1 transporter


Innate Abilities, Weirdness & Mutations

You are too large for most types of armour.
You have claws for hands.
Your metabolism is lightning-fast.
You like to eat raw meat.
Your natural rate of healing is unusually fast.
You are covered in fur. (AC +1)
You have very tough skin. (AC +2)


Message History

The electric eel completely resists.
The bolt of electricity misses the electric eel.
The bolt of electricity hits you!
The electric eel shoots out a bolt of lightning at you!
The bolt of electricity hits you!
* * * LOW HITPOINT WARNING * * *
The bolt of electricity hits the electric eel.
The electric eel completely resists.
The bolt of electricity hits the electric eel.
The electric eel completely resists.
You claw the electric eel!
The electric eel is almost dead.
The electric eel shoots out a bolt of lightning at you!
The bolt of electricity hits you!
* * * LOW HITPOINT WARNING * * *
The bolt of electricity hits you!
* * * LOW HITPOINT WARNING * * *
The electric eel shoots out a bolt of lightning at you!
The bolt of electricity hits you!
You die...

##...## #..#P.).P#.##......#
##+## #..###+###.##.###### #.#
#..#≈...≈#.##.# #.#
#..#≈...≈#.##.#
##.########..#≈...≈#.##.#
##........##..#≈.♣.≈#.##.#
........#.##..#≈...≈#.##.# ######
##...##.#.##..#;...≈#.##.###.....
##..##.......#;@..;#.##.##...###
#..####.###.###'###.##......#
#..# #.# #.#P...P#.#####...#
#..####.# #.#8.©.8#.# #####
#.......# #[#######.# #.#######
#....©....# #.# ####...#### #.#
#..## ###.# #.## ####


You could see 3 electric eels.

Vanquished Creatures
  The ghost of Loge the Archer, a novice CeHu of Okawaru (D:5)
  The ghost of Destragon the Skirmisher, an amateur MiBe of Trog (D:4)
  The ghost of GreeedyOne the Shield-Bearer, an amateur FoFi (D:3)
  A phantom (D:4)
  2 ogres (D:5)
  A centaur (D:5)
  A crimson imp (D:5)
  A jelly (D:5)
  3 hounds
  2 iguanas (D:5)
  2 orc wizards
  5 worker ants
  A gnoll (D:1)
  8 adders
  An ooze (D:4)
  An adder skeleton (D:4)
  2 worms
  A dart slug (D:2)
  5 leopard geckos
  13 orcs
  A ball python (D:4)
  8 bats
  4 giant cockroaches
  8 goblins
  6 hobgoblins (D:1)
  3 jackals (D:4)
  A quokka (D:5)
  A ball python zombie (D:5)
  2 frilled lizards
  A jackal skeleton (D:5)
  6 kobolds
  A leopard gecko zombie (D:5)
  10 rats
105 creatures vanquished.

Notes
Turn   | Place    | Note
-------+----------+-------------------------------------------
     0 | D:1      | Loge the Troll Monk began the quest for the Orb.
     0 | D:1      | Reached XP level 1. HP: 22/22 MP: 0/0
    85 | D:1      | Reached XP level 2. HP: 29/29 MP: 1/1
   378 | D:1      | Reached XP level 3. HP: 36/36 MP: 2/2
   463 | D:1      | Reached skill level 4 in Unarmed Combat
   984 | D:2      | Reached XP level 4. HP: 41/45 MP: 3/3
  1208 | D:3      | Noticed GreeedyOne's ghost (amateur FoFi)
  1266 | D:3      | Killed GreeedyOne's ghost
  1266 | D:3      | Reached skill level 5 in Unarmed Combat
  1266 | D:3      | Reached XP level 5. HP: 22/54 MP: 4/4
  1718 | D:3      | Reached XP level 6. HP: 57/62 MP: 5/5
  1760 | D:3      | Found a glowing golden altar of the Shining One.
  1854 | D:3      | Reached skill level 6 in Unarmed Combat
  1962 | D:4      | Noticed Destragon's ghost (amateur MiBe)
  1978 | D:4      | Killed Destragon's ghost
  2172 | D:4      | Reached skill level 7 in Unarmed Combat
  2172 | D:4      | Reached XP level 7. HP: 37/71 MP: 6/6
  2774 | D:5      | Entered Level 5 of the Dungeon
  2872 | D:5      | Reached skill level 8 in Unarmed Combat
  2970 | D:5      | Reached skill level 5 in Fighting
  2970 | D:5      | Reached XP level 8. HP: 80/80 MP: 7/7
  2979 | D:5      | Noticed Loge's ghost (novice CeHu)
  3012 | D:5      | Killed Loge's ghost
  3012 | D:5      | Reached skill level 9 in Unarmed Combat
  3444 | D:5      | Found a bloodstained altar of Trog.
  3519 | D:5      | Found a transporter.
  3548 | D:5      | Found Luala's Weapon Shop.
  3621 | D:5      | Found a transporter.
  3649 | D:5      | Found Owoelin's Food Shoppe.
  3949 | D:5      | HP: 2/83 [electric eel/bolt of electricity (6)]
  3949 | D:5      | Killed from afar by an electric eel

Skill      XL: |  1  2  3  4  5  6  7  8 |
---------------+-------------------------+-----
Unarmed Combat | 4 5 7 8 9 |  9.5
Fighting       | 3 4 5 |  5.8
Dodging        | |  2.4
Stealth        | |  1.0

Action                   |  1- 3 |  4- 6 |  7- 9 || total
-------------------------+-------+-------+-------++-------
Melee: Unarmed           |    78 |    98 |   114 ||   290
       Punch             |     1 |     1 |     4 ||     6
 Stab: Sleeping          |     2 |     5 |     2 ||     9
  Eat: Chunk             |    15 |    10 |    17 ||    42
Armor: Robe              |    28 |    18 |    20 ||    66
Dodge: Dodged            |    32 |    48 |    44 ||   124
